cohdb
Replays
Latest Replays
All Replays
Popular Replays
Top Player Replays
Match Explorer
How It Works
Community
CoH3 Stats
Reddit
Sign in to upload your games and track your stats! →
Sign in with Steam
Match 43528808
Unlisted
Match 43528808
Overview
Messages
Build Orders
End
Construct Infanterie Kompanie
Kettenkrad Recon Vehicle
MG 42 Machine Gun Team
MG 42 Machine Gun Team
Selects Mechanized Battlegroup
Selects Mechanized Battlegroup
Selects Mechanized Battlegroup
GrW 34 Mortar Team
GrW 34 Mortar Team
Construct Luftwaffe Kompanie
Selects Mobile Repair Stations
221 Scout Car
Jäger Squad
Support Elements
Marder III M Tank Destroyer
Jäger Squad
Marder III M Tank Destroyer
Selects Wespe Self-propelled Artillery
Wespe Self-propelled Artillery
Medical Bunker
Jäger Squad
Wirbelwind Flakpanzer
Selects Raid Package
Selects 8 Rad Armored Car
Wirbelwind Flakpanzer
Pioneer Squad
Selects Panther Heavy Tank
Panther Heavy Tank
Panther Heavy Tank
pourya
blacktiger
dani(GER)
peymanp313
DarkLord
juve1975
Fandango34
Kisnyusti (HUN)
0
0
Comments
sign in to comment!
No comments posted yet!